[Event "Late-Titled-Tuesday-Blitz-June-25-2024"]
[Site "Chess.com"]
[Date "2024.06.25"]
[Round "2"]
[White "SaraBlackPanther"]
[Black "sina101"]
[Result "1-0"]
[WhiteElo "2737"]
[BlackElo "2535"]
[TimeControl "180+1"]
[EndTime "14:17:39 PDT"]
[Termination "SaraBlackPanther won by resignation"]

1. Nf3 d5 2. e3 Nf6 3. c4 e6 4. b3 Bd6 5. Bb2 O-O 6. Nc3 c6 7. Qc2 Nbd7 8. Be2 Re8 9. Rg1 e5 10. g4 d4 11. exd4 exd4 12. Nxd4 Be5 13. Nf3 Bxc3 14.
Bxc3 Nc5 15. d4 Nce4 16. Ne5 Nxc3 17. Qxc3 Ne4 18. Qe3 Qa5+ 19. Kf1 Nd2+ 20. Kg2 f6 21. Rgd1 fxe5 22. Qxd2 Qc7 23. d5 cxd5 24. Qxd5+ Be6 25. Qe4 Bd7 26. Qd5+ Be6 27. Qe4 Kh8 28. Bf3 Rab8 29. Qe3 Bd7 30. h3 e4 31. Be2 Bc6 32. Rd4 Rf8 33.
Rad1 Qe5 34. Kg1 Rbe8 35. b4 a6 36. a3 h6 37. b5 axb5 38. cxb5 Bxb5 39. Rd5 Qf6 40.
Rxb5 Rc8 41. Rb3 b6 42. Rdb1 Rc2 43. Rxb6 Qh4 44. Rb8 Rxb8 45. Rxb8+ Kh7 46. Qxe4+ 1-0

[Event "Late-Titled-Tuesday-Blitz-June-25-2024"]
[Site "Chess.com"]
[Date "2024.06.25"]
[Round "2"]
[White "Veleamater"]
[Black "Denmark2015"]
[Result "0-1"]
[WhiteElo "2387"]
[BlackElo "2629"]
[TimeControl "180+1"]
[EndTime "14:17:39 PDT"]
[Termination "Denmark2015 won on time"]

1. g3 e6 2. Bg2 d5 3. d3 Nf6 4. Nf3 b6 5. O-O Bb7 6. h3 Be7 7. Nc3 c5 8. e4 Nc6 9. Nd2 a6 10. f4 b5 11. e5 Nd7 12. g4 b4 13. Ne2 Qb6 14. g5 g6 15. Nf3 a5 16. h4 a4 17. Ng3 O-O-O 18. c3 Kb8 19. Bd2 Rc8 20. Qxa4 Ba6 21. Qc2 Qb5 22. Ne1 Bd8 23.
a4 Qb6 24. a5 Qb5 25. b3 bxc3 26. Bxc3 Nb4 27. Bxb4 cxb4 28. Qa2 h6 29. Rf3 Nc5 30. Bf1 d4 31. Ne4 Nb7 32. Nd6 Nxd6 33. exd6 Rc6 34. Qf2 Rxd6 35. Nc2 Be7 36. Rc1 hxg5 37. hxg5 Rhd8 38.
Qd2 Rd5 39. Ne1 Rc5 40. Rc4 Rc7 41. Nc2 Qxa5 42. Rxc7 Qxc7 43. Rf2 Qc3 44. Qxc3 dxc3 45. Rf3 Bc5+ 0-1

[Event "Late-Titled-Tuesday-Blitz-June-25-2024"]
[Site "Chess.com"]
[Date "2024.06.25"]
[Round "2"]
[White "Rodalquilar"]
[Black "zverr1"]
[Result "1-0"]
[WhiteElo "2830"]
[BlackElo "2560"]
[TimeControl "180+1"]
[EndTime "14:17:40 PDT"]
[Termination "Rodalquilar won by checkmate"]

1. d4 Nf6 2. Nf3 g6 3. Bf4 Bg7 4. e3 c5 5. c3 b6 6. Be2 Bb7 7. O-O O-O 8. a4 Nc6 9. h3 d5 10. Nbd2 Nd7 11. Qb3 e5 12. dxe5 Ndxe5 13. Nxe5 Nxe5 14.
Nf3 Qe7 15. a5 Nxf3+ 16. Bxf3 d4 17. Bxb7 Qxb7 18. Rfc1 dxe3 19. Bxe3 Qc6 20. Rd1 Rfd8 21. Rxd8+ Rxd8 22. axb6 axb6 23. Ra7 c4 24. Qa4 b5 25.
Qa6 Rd1+ 26. Kh2 Be5+ 27. f4 Qe4 28. Qc8+ Kg7 29. Qg4 Re1 30. Bd2 Re2 31. fxe5 Qxg4 32. hxg4 Rxd2 33. e6 Rxb2 34. Rxf7+ Kh6 35. Rb7 Re2 36.
e7 Kg5 37. Kg3 Re3+ 38. Kf2 Re6 39. Kf3 Kh6 40. Kf4 Re1 41. g5+ Kh5 42. e8=Q Rf1+ 43.
Kg3 Kxg5 44. Qe5+ Kh6 45. Qe3+ g5 46. Rb6+ Kh5 47. Qe2+ g4 48. Qxg4# 1-0

[Event "Late-Titled-Tuesday-Blitz-June-25-2024"]
[Site "Chess.com"]
[Date "2024.06.25"]
[Round "2"]
[White "ozates"]
[Black "igorkovalenko"]
[Result "0-1"]
[WhiteElo "2614"]
[BlackElo "2996"]
[TimeControl "180+1"]
[EndTime "14:17:41 PDT"]
[Termination "igorkovalenko won on time"]

1. e4 d5 2. exd5 Qxd5 3. Nc3 Qa5 4. d4 Nf6 5. h3 c6 6. Nf3 Bf5 7. Ne5 Nbd7 8. Nc4 Qc7 9. d5 cxd5 10. Nxd5 Nxd5 11. Qxd5 e6 12. Qd4 Qc5 13. Qxc5 Bxc5 14. c3 b5 15. Ne3 b4 16. Nxf5 exf5 17. Bb5 bxc3 18. bxc3 O-O-O 19. Bf4 Rhe8+ 20. Kf1 Re6 21. Bc4 Rb6 22. Bb3 Nf6 23. g4 Ne4 24. gxf5 Nxf2 25.
Rh2 Nd3 26. Bg5 f6 27. Bh4 g5 28. Bg3 Bd6 29. Bxd6 Rdxd6 30. Re2 Ne5 31. c4 Rd4 32. c5 Rc6 33. Be6+ Kc7 34. Rb1 Rxc5 35. Reb2 Kd6 36. Rb8 Nc6 37. R8b5 Rf4+ 38. Kg1 Nd4 39. Rxc5 Kxc5 40.
Rb7 h5 41. Rxa7 Rf3 42. Kg2 h4 43. Rc7+ Kb6 44. Rc4 Rg3+ 45. Kf2 Nb5 46. a4 Nc3 47. Rc8 Rxh3 48. Ra8 Ne4+ 49. Kg2 Rg3+ 50. Kh2 Ra3 51.
Rb8+ Kc5 52. Ra8 Kd4 53. a5 g4 54. a6 Ke5 55. a7 Kf4 56. Bd5 Ng5 57. Kg2 h3+ 58. Kf2 g3+ 59. Ke2 g2 60. Bxg2 hxg2 61. Kf2 Ra2+ 0-1

[Event "Late-Titled-Tuesday-Blitz-June-25-2024"]
[Site "Chess.com"]
[Date "2024.06.25"]
[Round "2"]
[White "Ali_rastbod"]
[Black "ninjatrick"]
[Result "0-1"]
[WhiteElo "2704"]
[BlackElo "2492"]
[TimeControl "180+1"]
[EndTime "14:17:41 PDT"]
[Termination "ninjatrick won on time"]

1. Nf3 d5 2. c4 c6 3. g3 dxc4 4. Bg2 Nf6 5. O-O Bf5 6. Na3 e6 7. Nxc4 Nbd7 8. d3 Be7 9. h3 O-O 10. Bf4 Nd5 11. Bd2 Bg6 12. a3 Bf6 13. Qc2 Rc8 14.
Rac1 b5 15. Nd6 Rc7 16. e4 Ne7 17. Nxb5 Rb7 18. Nc3 Nc5 19. Be3 Nxd3 20. Rcd1 Rd7 21. b4 Bxc3 22. Qxc3 Bxe4 23. Qb3 Nf5 24. Bg5 f6 25.
Qxe6+ Kh8 26. Qxe4 fxg5 27. Qxc6 Rd6 28. Qb7 Qf6 29.
Qxa7 Ra6 30. Qd7 Rd8 31. Qb5 Rxa3 32. Ne5 Nd4 33. Rxd3 Rxd3 34. Qxd3 Qxe5 35. Kh1 Rf8 36. Qe4 Qd6 37. Rd1 Rd8 38. Kh2 Qxb4 39. Qe5 Qb2 40.
Qxg5 Nf3+ 41. Bxf3 Qxf2+ 42. Bg2 Rxd1 43. h4 Rd2 44.
Kh3 Qxg2+ 45. Kg4 Rd4+ 0-1

[Event "Late-Titled-Tuesday-Blitz-June-25-2024"]
[Site "Chess.com"]
[Date "2024.06.25"]
[Round "2"]
[White "Road2GM3000"]
[Black "N_I_Chess"]
[Result "1-0"]
[WhiteElo "2506"]
[BlackElo "2261"]
[TimeControl "180+1"]
[EndTime "14:17:43 PDT"]
[Termination "Road2GM3000 won on time"]

1. d4 Nf6 2. c4 e6 3. Nc3 Bb4 4. Nf3 O-O 5. Bg5 h6 6. Bh4 d5 7. e3 Nbd7 8. Qc2 a6 9. cxd5 exd5 10. Bd3 c6 11. O-O Re8 12. Rae1 Qa5 13. Nd2 Be7 14.
Bg3 Nf8 15. f3 Ng6 16. e4 dxe4 17. fxe4 Nh5 18. Nc4 Qd8 19. Bf2 Nhf4 20. Rd1 Nxd3 21. Rxd3 b5 22. Ne3 Bf8 23. Bg3 b4 24. Ne2 Rxe4 25.
Kh1 Be6 26. Qxc6 Rxe3 27. Rxe3 Bd5 28. Qc7 Qg5 29. Rd3 Be4 30. Rdd1 Qd5 31. Rf2 Qxa2 32. Rdf1 Bd5 33. Nf4 Nxf4 34. Bxf4 Qb3 35. Be5 a5 36. Qd7 Be6 37. Qc6 Bd5 38. Qc1 a4 39. Re2 a3 40. Re3 Qc4 41. Qxc4 Bxc4 42. Ra1 axb2 43. Rb1 Ra1 44. Ree1 Ra2 45. d5 Bd3 46. Rxb2 Rxb2 47.
Bxb2 Bd6 48. Rd1 Bc4 49. Rd4 1-0

[Event "Late-Titled-Tuesday-Blitz-June-25-2024"]
[Site "Chess.com"]
[Date "2024.06.25"]
[Round "2"]
[White "Akhayan"]
[Black "KNVB"]
[Result "0-1"]
[WhiteElo "2392"]
[BlackElo "2703"]
[TimeControl "180+1"]
[EndTime "14:17:44 PDT"]
[Termination "KNVB won by resignation"]

1. e4 b6 2. d4 Bb7 3. Nc3 e6 4.
Nf3 Bb4 5. Bd3 Nf6 6. e5 Ne4 7. O-O Nxc3 8. bxc3 Bxc3 9. Rb1 Bd5 10. Bd2 Bxd2 11.
Nxd2 O-O 12. c4 Bb7 13. Qh5 g6 14. Qh6 f5 15. exf6 Qxf6 16. Be4 Bxe4 17. Nxe4 Qxd4 18. Ng5 Qg7 19. Qh3 h6 20. Ne4 Nc6 21. Rbd1 Nd4 22. Qd3 c5 23. Nd6 Rf4 24. Nb5 Nxb5 25. cxb5 Rd4 26.
Qf3 Rf8 27. Qe2 Rf5 28. h3 Rfd5 29. Rc1 Rd2 30. Qg4 Kh7 31. Qa4 d6 32. Qg4 Qf6 33. Rce1 Re5 34. Rxe5 Qxe5 35. Qf3 Rd5 36. Qf7+ Qg7 37.
Qxe6 Rd2 38. Qe3 Rd5 39. a4 Re5 40. Qf3 d5 41. Qg3 Qe7 42. a5 d4 43. a6 h5 44. Qf3 Qd7 45. Rd1 Re7 46. Qd3 Rf7 47. h4 Qd5 48. Re1 c4 49. Qg3 d3 50. Qb8 d2 51.
Re8 d1=Q+ 52. Kh2 Qd6+ 53. Qxd6 Qxd6+ 54. g3 Rxf2+ 55. Kh3 Qd7+ 0-1

[Event "Late-Titled-Tuesday-Blitz-June-25-2024"]
[Site "Chess.com"]
[Date "2024.06.25"]
[Round "2"]
[White "LiemLe"]
[Black "ahkashefi2800"]
[Result "1-0"]
[WhiteElo "3024"]
[BlackElo "2622"]
[TimeControl "180+1"]
[EndTime "14:17:45 PDT"]
[Termination "LiemLe won on time"]

1. c4 c6 2. Nf3 d5 3. g3 Nf6 4. b3 dxc4 5. bxc4 e5 6. Nc3 Bc5 7. Nxe5 Bxf2+ 8. Kxf2 Qd4+ 9. e3 Qxe5 10. d4 Qa5 11.
Bd2 O-O 12. h3 Qf5+ 13. Kg1 Re8 14. Rh2 Nbd7 15. Rf2 Qg6 16. Qf3 Nf8 17. Re1 Qh5 18. Qxh5 Nxh5 19. g4 Nf6 20. e4 Ne6 21. e5 Nd7 22.
Be3 c5 23. d5 Nd4 24. e6 fxe6 25.
Bxd4 cxd4 26. Nb5 Rf8 27. dxe6 Rxf2 28. Kxf2 Nf6 29. Nc7 Rb8 30. g5 Nh5 31. e7 Bd7 32. e8=Q+ Bxe8 33. Rxe8+ Rxe8 34. Nxe8 b6 35. Nd6 Nf4 36.
Nb5 d3 37. Ke3 d2 38. Kxd2 Ne6 39. h4 a6 40. Nc3 Nc5 41. Nd5 b5 42. cxb5 axb5 43.
Bxb5 Ne4+ 44. Ke3 Nd6 45. Bd3 h6 46. g6 Nb7 47. Kd4 h5 48. a4 Kh8 49. Ba6 Na5 50.
Kc5 Nb3+ 51. Kb4 Nd4 52. Bd3 Nc6+ 53. Kb5 Ne7 54. Nf4 Nc8 55. Kc5 Ne7 56. a5 Nc8 57. a6 Na7 58. Bf5 1-0

[Event "Late-Titled-Tuesday-Blitz-June-25-2024"]
[Site "Chess.com"]
[Date "2024.06.25"]
[Round "2"]
[White "DeGrootteZ"]
[Black "PoAslan"]
[Result "0-1"]
[WhiteElo "2757"]
[BlackElo "2422"]
[TimeControl "180+1"]
[EndTime "14:17:47 PDT"]
[Termination "PoAslan won by resignation"]

1. c4 e5 2. Nc3 Nc6 3. g3 Nf6 4. Bg2 Bb4 5. e4 O-O 6. Nge2 a5 7.
O-O d6 8. d3 h6 9. h3 Bc5 10.
Kh2 Nd4 11. f4 exf4 12. Bxf4 Nxe2 13. Qxe2 Bd4 14. Qf3 Nd7 15. g4 Ne5 16. Qg3 Ng6 17.
Kh1 Nxf4 18. Qxf4 Be6 19. Rad1 a4 20. Qd2 Bxg4 21. Nb5 Bxd1 22. Rxd1 Bf6 23. d4 c6 24. Nc3 Qe7 25. Qd3 Rfe8 26. Rf1 Ra5 27. Ne2 b5 28. Ng3 bxc4 29. Qxc4 Qd7 30. Rxf6 gxf6 31.
Nh5 Qe6 32. d5 cxd5 33. exd5 Qe1+ 34. Bf1 Kf8 35. Nxf6 Rd8 36. Qf4 Rc5 37. Nh7+ Kg7 38. Nf6 Qc1 39. Nh5+ Kf8 40. Qf6 Re8 41. Qxd6+ Re7 42.
Qb8+ Re8 43. Qd6+ Re7 44. Qf6 Re1 45. Qd6+ Kg8 46. Qg3+ Qg5 47. Qxe1 Qxd5+ 48. Bg2 Qxh5 49. Qe8+ Kg7 50. Qe3 Qe5 51. Qf3 Rc1+ 52. Bf1 Qf6 53. Qg2+ Kh8 54. Kg1 Rb1 55. Qa8+ Kg7 56. Qb7 Qxf1+ 0-1

[Event "Late-Titled-Tuesday-Blitz-June-25-2024"]
[Site "Chess.com"]
[Date "2024.06.25"]
[Round "2"]
[White "GM_dmitrij"]
[Black "Yurovskykh_Oleksandr"]
[Result "1/2-1/2"]
[WhiteElo "2984"]
[BlackElo "2619"]
[TimeControl "180+1"]
[EndTime "14:17:48 PDT"]
[Termination "Game drawn by stalemate"]

1. e4 d5 2. exd5 Qxd5 3. Nc3 Qd8 4. d4 Nf6 5. Nf3 Bg4 6. h3 Bxf3 7. Qxf3 c6 8. Be3 e6 9. O-O-O Bb4 10. Ne4 Nxe4 11. Qxe4 Qd5 12. Qxd5 cxd5 13. c4 dxc4 14. Bxc4 Nd7 15.
d5 Rc8 16. Rd4 b5 17. dxe6 fxe6 18. Kb1 Rxc4 19. Rxc4 bxc4 20. Rc1 Nb6 21. Bxb6 axb6 22. Rxc4 Bc5 23. b4 Be7 24. Rc6 Kd7 25. Rxb6 Rf8 26. f3 Rf4 27. a3 Bf6 28. Kc2 Rc4+ 29. Kd2 Rc3 30. a4 Ra3 31. a5 Ra2+ 32. Kd3 Rxg2 33. a6 Ra2 34. b5 Ra4 35. Rb7+ Kd6 36. a7 Bd4 37. b6 Bxb6 38. Rxb6+ Kc7 39. Rxe6 Rxa7 40.
Re7+ Kb6 41. Rxa7 Kxa7 42. Ke4 Kb6 43. Kd5 Kb5 44. h4 h5 45. f4 Kb4 46. Ke6 Kc4 47. Kf7 Kd4 48. Kg6 Ke4 49. f5 Ke5 50. Kg5 Ke4 51.
Kg6 Ke5 52. Kxh5 Kxf5 1/2-1/2

[Event "Late-Titled-Tuesday-Blitz-June-25-2024"]
[Site "Chess.com"]
[Date "2024.06.25"]
[Round "2"]
[White "VirtualCoach"]
[Black "konradrutkowski"]
[Result "1-0"]
[WhiteElo "2342"]
[BlackElo "2520"]
[TimeControl "180+1"]
[EndTime "14:17:48 PDT"]
[Termination "VirtualCoach won on time"]

1. e4 c5 2. Nf3 Nc6 3. d4 cxd4 4.
Nxd4 Nf6 5. Nc3 e5 6. Ndb5 d6 7. Nd5 Nxd5 8. exd5 Nb8 9. a4 Be7 10. Be2 O-O 11. Be3 Nd7 12. Nxa7 Rxa7 13. Bxa7 Qa5+ 14. Qd2 Qxa7 15. b4 f5 16. O-O Nf6 17. a5 f4 18.
b5 Ne4 19. Qb4 Ng5 20. b6 Qa8 21. f3 Bf6 22. Ra3 Bf5 23. c4 Qe8 24. a6 bxa6 25. b7 e4 26. Rxa6 exf3 27. Bxf3 Qe3+ 28. Kh1 Nxf3 29.
b8=Q Rxb8 30. Qxb8+ Kf7 31. Ra7+ Kg6 32. Qb7 Nd2 33.
Qf7+ Kh6 34. Rg1 Be4 35. Ra2 Bd4 36. Qe6+ g6 37. Raa1 Nf3 38. Qh3+ Kg7 39. Qd7+ Kh6 40. Qh3+ Kg7 41. gxf3 Bxf3+ 42. Rg2 Bxg2+ 43. Qxg2 Bxa1 44. Qa2 f3 45. Qxa1+ 1-0

[Event "Late-Titled-Tuesday-Blitz-June-25-2024"]
[Site "Chess.com"]
[Date "2024.06.25"]
[Round "2"]
[White "arenal72"]
[Black "Tigranpatagonian"]
[Result "0-1"]
[WhiteElo "2696"]
[BlackElo "2456"]
[TimeControl "180+1"]
[EndTime "14:17:51 PDT"]
[Termination "Tigranpatagonian won by checkmate"]

1. Nf3 g6 2. g3 Bg7 3. Bg2 d6 4. c4 e5 5. Nc3 Ne7 6. O-O O-O 7. b4 a5 8. b5 e4 9. Ne1 Bxc3 10. dxc3 f5 11. Be3 Be6 12. c5 Nd5 13. Bd4 dxc5 14. Bxc5 Nxc3 15. Qc2 Nxb5 16. Bxf8 Qxf8 17. e3 Nc6 18.
Qe2 Nc3 19. Qb2 Qb4 20. Qxb4 axb4 21. Nc2 Rxa2 22. Rxa2 Nxa2 23. f3 b3 24. Na3 Bd5 25. fxe4 fxe4 26. Rd1 Nc3 27. Rd2 Nb4 28. Bf1 c6 29. Kf2 b2 30. Kg1 b1=Q 31. Nxb1 Nxb1 32. Rb2 Na3 33. Rxb4 b5 34. Kf2 Kf7 35. Rb2 Ke6 36.
h4 Kd6 37. g4 Kc5 38. g5 b4 39. Kg3 b3 40. Kf4 Kb4 41. Ke5 Nc2 42. Kf6 Nxe3 43.
Be2 Kc3 44. Rb1 b2 45. Kg7 Nf5+ 46. Kxh7 Nxh4 47. Bd1 Ba2 48. Rxb2 Kxb2 49. Kg7 Kc3 50. Kf6 Bb3 51. Bg4 e3 52. Ke5 Kd2 53. Kf4 c5 54. Kg3 Nf5+ 55. Kf4 e2 56. Bxe2 Kxe2 57. Ke5 c4 58.
Kf6 Nh4 59. Ke5 c3 60. Kf4 c2 61. Kg4 Nf5 62. Kf4 c1=Q+ 63. Ke5 Qc6 64. Kf4 Qd6+ 65. Kg4 Qg3# 0-1

[Event "Late-Titled-Tuesday-Blitz-June-25-2024"]
[Site "Chess.com"]
[Date "2024.06.25"]
[Round "2"]
[White "Nf3c5"]
[Black "Sanan_Sjugirov"]
[Result "1-0"]
[WhiteElo "2632"]
[BlackElo "2999"]
[TimeControl "180+1"]
[EndTime "14:17:52 PDT"]
[Termination "Nf3c5 won on time"]

1. Nf3 Nf6 2. g3 g6 3. b3 Bg7 4. Bb2 O-O 5. Bg2 c5 6. c4 Nc6 7. O-O d6 8. d4 cxd4 9. Nxd4 Bd7 10. Nc3 a6 11. Nc2 Rc8 12. Ne3 Re8 13. Qd2 Qa5 14. a4 Be6 15. Rab1 Qh5 16. Rfd1 Bh6 17. f4 Qc5 18. Kh1 Bg7 19. Ncd5 Bxd5 20. cxd5 Nb8 21.
Bd4 Qc7 22. Rdc1 Qd7 23. h3 Rxc1+ 24. Rxc1 Rc8 25. Kh2 Qd8 26. Rc3 Nbd7 27. b4 h5 28.
Bf3 Rc7 29. Kg2 Qc8 30. a5 Ne8 31. Bxg7 Kxg7 32. Qd4+ Kg8 33. Nd1 Nef6 34. e4 Rxc3 35. Nxc3 Qc7 36. g4 hxg4 37. hxg4 Nh7 38. g5 Nhf8 39.
Bg4 b6 40. axb6 Nxb6 41. Be2 Qb7 42. Kf3 Nbd7 43. Ke3 e5 44. dxe6 Nxe6 45. Qxd6 Qa7+ 46.
Kd2 a5 47. b5 a4 48. f5 gxf5 49. exf5 Nxg5 50. Nd5 Qd4+ 51. Ke1 Qg1+ 52. Bf1 1-0

[Event "Late-Titled-Tuesday-Blitz-June-25-2024"]
[Site "Chess.com"]
[Date "2024.06.25"]
[Round "2"]
[White "XDPS"]
[Black "Leebit02"]
[Result "1-0"]
[WhiteElo "2834"]
[BlackElo "2577"]
[TimeControl "180+1"]
[EndTime "14:17:53 PDT"]
[Termination "XDPS won by resignation"]

1. e4 c5 2. Nf3 e6 3. g3 Nc6 4. Bg2 Nf6 5. Qe2 e5 6. O-O Be7 7. Na3 O-O 8. Nc4 d6 9. b3 Re8 10. Bb2 Bf8 11. d3 h6 12. Nh4 Be6 13. Kh1 b5 14. Ne3 Nd4 15. Qd1 Rc8 16. c3 Nc6 17. c4 Nd4 18. Nd5 Nxd5 19. cxd5 Bd7 20. Nf3 Qb6 21. Nd2 a5 22. f4 a4 23. fxe5 dxe5 24. Rb1 axb3 25. axb3 Ra8 26. b4 Ra2 27. bxc5 Bxc5 28. Nb3 Rea8 29. Nxc5 Qxc5 30. Qh5 f6 31. Rfc1 Qb6 32. Qd1 b4 33. Rc4 Ba4 34.
Qg4 Bc2 35. Bxd4 exd4 36. Rbxb4 Ra1+ 37. Bf1 Rxf1+ 38. Kg2 Qa6 39. Rxc2 Qxd3 40. Qe2 Qxe2+ 41. Rxe2 Rd1 42. Kf3 d3 43. Rf2 Kf7 44. Rd4 Ke7 45.
Rb2 Kd6 46. Ke3 Ra3 47. Rb6+ Kc7 48. Rc6+ Kd7 49. Rb6 Re1+ 50. Kf2 Re2+ 51. Kf3 Re1 52. Kg4 d2 53. Rxd2 Rxe4+ 54. Kf5 Re5+ 55. Kg6 Rg5+ 56.
Kf7 Ra5 57. d6 Kd8 58. d7 Ra8 59. Re6 Re5 60. Re8+ 1-0

[Event "Late-Titled-Tuesday-Blitz-June-25-2024"]
[Site "Chess.com"]
[Date "2024.06.25"]
[Round "2"]
[White "KoshkaMatrioshka"]
[Black "rychessmaster1"]
[Result "0-1"]
[WhiteElo "2550"]
[BlackElo "2798"]
[TimeControl "180+1"]
[EndTime "14:17:53 PDT"]
[Termination "rychessmaster1 won by resignation"]

1. c4 e6 2. g3 d5 3. Nf3 d4 4.
e3 c5 5. exd4 cxd4 6. Bg2 Nc6 7.
O-O Nf6 8. Re1 Bd6 9. b3 O-O 10.
Ba3 e5 11. Bxd6 Qxd6 12. d3 Re8 13. Nbd2 h6 14. Rc1 a5 15. c5 Qc7 16. Nc4 Bg4 17. h3 Bh5 18. g4 Bg6 19. Nd6 Re7 20. Nh4 Nb4 21. Nxg6 fxg6 22. Qe2 Nbd5 23. Be4 Rf8 24. Qd2 Nxe4 25. Rxe4 Nf4 26. Kh2 b6 27. Rce1 Qxc5 28. Nc4 Qc6 29. f3 Qf6 30. Nxe5 Rxe5 31. Rxf4 Qxf4+ 32. Qxf4 Rxf4 33. Rxe5 Rxf3 34. Rb5 Rxd3 35. Rxb6 Rd2+ 36. Kg3 Rxa2 37. Rd6 Rd2 38. Rd5 Rd3+ 39. Kg2 Rxb3 40. Rxa5 Rd3 41. Ra6 Kf7 42. Rd6 g5 43. Kh2 Ke7 44. Rg6 Rd1 45. Rxg7+ Kf6 46. Rd7 Ke5 47. Kg2 Kf4 48. Rf7+ Ke3 49. Re7+ Kd2 50. Re6 d3 51. Rxh6 Re1 52. Rd6 Re5 53. Kg3 Ke2 54. h4 d2 55. hxg5 Re3+ 56. Kf4 Rd3 57. Rxd3 Kxd3 58. g6 d1=Q 59. Kg5 Qb3 60. Kh6 Qg8 61.
g7 Ke4 62. g5 Kf5 0-1

[Event "Late-Titled-Tuesday-Blitz-June-25-2024"]
[Site "Chess.com"]
[Date "2024.06.25"]
[Round "2"]
[White "jlf287"]
[Black "SebbyMeister"]
[Result "1-0"]
[WhiteElo "2487"]
[BlackElo "2229"]
[TimeControl "180+1"]
[EndTime "14:17:54 PDT"]
[Termination "jlf287 won by checkmate"]

1. Nf3 d5 2. g3 Nf6 3. Bg2 Nbd7 4. d4 c5 5. c4 e6 6. cxd5 Nxd5 7. O-O Bd6 8. Nc3 Nxc3 9. bxc3 O-O 10. e4 Qc7 11. e5 Be7 12. Re1 b6 13. h4 Bb7 14.
Bg5 Bxg5 15. Nxg5 Bxg2 16. Kxg2 h6 17. Ne4 Qc6 18. Qf3 Rac8 19. Nd6 Qxf3+ 20. Kxf3 Rc6 21. Rad1 Rd8 22. Ne4 cxd4 23. cxd4 Nb8 24. Ke3 Na6 25. a3 Nc7 26. Rc1 Nd5+ 27. Kd3 Rdc8 28. Rxc6 Rxc6 29. Rb1 Kf8 30. h5 Ke7 31. Rb2 Rc1 32. Rc2 Rxc2 33. Kxc2 f6 34. f4 f5 35. Nd6 Ne3+ 36. Kd3 Nf1 37. g4 fxg4 38. f5 Ng3 39. fxe6 Nxh5 40. d5 g3 41. Nf5+ Ke8 42. Ke3 g2 43. Kf2 Nf4 44.
d6 Nxe6 45. Kxg2 b5 46. Kf3 a5 47. Ke4 b4 48. axb4 axb4 49. Kd3 h5 50. Kc4 g6 51. Ne3 g5 52. Kxb4 g4 53. Kc4 g3 54.
Kd5 h4 55. Kxe6 h3 56. d7+ Kd8 57. Nf5 g2 58. Nd6 g1=Q 59. Nf7+ Kc7 60. d8=Q+ Kc6 61. Qd5+ Kc7 62. Qd6+ Kb7 63. Nd8+ Kc8 64. Qd7+ Kb8 65.
Qb7# 1-0

[Event "Late-Titled-Tuesday-Blitz-June-25-2024"]
[Site "Chess.com"]
[Date "2024.06.25"]
[Round "2"]
[White "AEMEffi"]
[Black "tdf98pantani"]
[Result "0-1"]
[WhiteElo "2332"]
[BlackElo "2681"]
[TimeControl "180+1"]
[EndTime "14:17:55 PDT"]
[Termination "tdf98pantani won by resignation"]

1. d4 d5 2. c4 c6 3. Nc3 Nf6 4. e3 Bf5 5. Nf3 e6 6. Qb3 Qc7 7. h3 h6 8. Bd2 Nbd7 9. Rc1 Nb6 10.
cxd5 exd5 11. a4 a5 12. Be2 Be7 13. Ne5 O-O 14. g4 Bh7 15. f4 Bb4 16. g5 hxg5 17.
fxg5 Bxc3 18. gxf6 Bxd2+ 19. Kxd2 gxf6 20. Rcg1+ Kh8 21.
Ng4 Nd7 22. Bd3 f5 23. Nh6 Nf6 24.
Qd1 Qd6 25. Kc1 Rae8 26. Bxf5 Rxe3 27. Bxh7 Qf4 28. Qd2 Qxh6 29. Rg3 Rfe8 30. Bc2 Re1+ 31. Rxe1 Rxe1+ 32. Bd1 Qxd2+ 33. Kxd2 Ne4+ 34. Kxe1 Nxg3 35. Bg4 Ne4 36. Bc8 Nd6 37. Bd7 Kg7 38. Ke2 Kf6 39.
b3 Ke7 40. Bg4 f5 41. Bh5 b5 42. axb5 cxb5 43. Ke3 a4 44. bxa4 bxa4 45. Bd1 a3 46.
Bb3 Ke6 47. Kf4 Nb5 48. Ke3 f4+ 49. Kxf4 Nxd4 50. Ba2 Ne2+ 51. Ke3 Nc3 52. Bb3 a2 53. Bxa2 Nxa2 54. h4 Nb4 55. Kd4 Nc6+ 56. Kc5 Ne7 57. h5 Kf6 58. Kd4 Kg5 0-1

[Event "Late-Titled-Tuesday-Blitz-June-25-2024"]
[Site "Chess.com"]
[Date "2024.06.25"]
[Round "2"]
[White "cukricek"]
[Black "Rsnr"]
[Result "1/2-1/2"]
[WhiteElo "2505"]
[BlackElo "2851"]
[TimeControl "180+1"]
[EndTime "14:17:56 PDT"]
[Termination "Game drawn by repetition"]

1. g3 d5 2. Nf3 c6 3. Bg2 Bf5 4. O-O e6 5. d3 Nf6 6. Nc3 h6 7. Nd2 Be7 8. e4 Bh7 9. f4 O-O 10. Kh1 b5 11. Qe2 a5 12. a4 b4 13. Nd1 Na6 14.
g4 Nc5 15. e5 Nfd7 16. d4 Na6 17. Ne3 c5 18. c3 bxc3 19. bxc3 cxd4 20. cxd4 Nb4 21.
f5 Bg5 22. Ba3 Bxe3 23. Qxe3 Nc2 24. Qd3 Nxa3 25. Rxa3 Qg5 26. Qe3 Qxe3 27. Rxe3 Nb6 28. Nb3 Nxa4 29. Ra1 Nb6 30. Rxa5 Rxa5 31. Nxa5 exf5 32. gxf5 Bxf5 33. Rb3 Nc4 34. Nc6 Bc2 35. Rc3 Be4 36. Bxe4 dxe4 37. Rxc4 Ra8 38. d5 e3 39. Re4 Ra3 40. d6 Rd3 41. Rxe3 Rxe3 42. d7 Rd3 43. d8=Q+ Rxd8 44. Nxd8 Kf8 45. Nc6 Ke8 46. Kg2 Kd7 47. Nd4 Ke7 48. Kf3 f6 49. e6 g6 50.
Ke4 Kd6 51. Kf4 h5 52. h4 Ke7 53. Ke4 Kd6 54. Kd3 g5 55. hxg5 fxg5 56. Ke4 h4 57.
Kf3 h3 58. Kg3 g4 59. Kh2 Ke7 60. Kg3 Kf6 61. Kh2 Ke7 62. Kg3 Kf6 63. Kh2 Ke7 1/2-1/2

[Event "Late-Titled-Tuesday-Blitz-June-25-2024"]
[Site "Chess.com"]
[Date "2024.06.25"]
[Round "2"]
[White "albayo"]
[Black "Boundless_Strike"]
[Result "0-1"]
[WhiteElo "2400"]
[BlackElo "2718"]
[TimeControl "180+1"]
[EndTime "14:17:57 PDT"]
[Termination "Boundless_Strike won on time"]

1. c4 d6 2. Nf3 e5 3. Nc3 f5 4.
g3 Nf6 5. d4 Nbd7 6. Bg5 Be7 7.
Qc2 O-O 8. dxe5 Nxe5 9. Nxe5 dxe5 10. Rd1 Qe8 11. Bg2 c6 12. O-O Qh5 13. Bxf6 Rxf6 14. Bf3 Qh3 15. Bg2 Qh5 16. Bf3 Qg5 17. Qd2 Qxd2 18.
Rxd2 e4 19. Bg2 Be6 20. b3 Bb4 21. Rc1 Rff8 22. e3 Rfd8 23. Rd4 c5 24. Rxd8+ Rxd8 25. Nb5 a6 26. Nc7 Bf7 27. g4 g6 28. gxf5 gxf5 29. Bh3 Rd7 30. Na8 Be6 31. Nb6 Rd2 32. Nd5 Bxd5 33. cxd5 Rxd5 34. Rc2 Kf7 35. Kg2 Kf6 36. f3 Rd3 37. fxe4 fxe4 38. Kf2 Bd2 39. Bf1 Bxe3+ 40.
Kg2 Rd5 41. Re2 Rg5+ 42. Kh3 Bg1 43. Rxe4 Rh5+ 44. Kg2 Bxh2 45. Be2 Rh6 46. a4 Be5 47. a5 Rh2+ 48. Kf1 Kf5 49. Bf3 Rh3 50. Kf2 Rh2+ 51.
Ke3 Bd4+ 52. Kd3 Rf2 53. Bg4+ Kg5 54. Bc8 Rf3+ 55. Kc4 Rc3+ 56. Kd5 Rxb3 57. Re7 Rb5 58. Rxh7 Rxa5 59. Rxb7 Kf4 60. Ra7 Ke3 61. Rxa6 Rb5 62. Ra3+ Kd2 63. Ba6 Rb8 64. Ra2+ Kc3 65. Ra4 Rd8+ 66.
Kc6 Bf2 67. Rc4+ Kb3 68. Rc1 Bd4 69. Bc4+ Kb2 70. Rf1 Be3 71. Re1 Re8 72. Kd7 Re5 73.
Kd6 Re4 74. Bd5 Bf4+ 0-1

[Event "Late-Titled-Tuesday-Blitz-June-25-2024"]
[Site "Chess.com"]
[Date "2024.06.25"]
[Round "2"]
[White "szachmistrz2500"]
[Black "simaopdias"]
[Result "0-1"]
[WhiteElo "2470"]
[BlackElo "2242"]
[TimeControl "180+1"]
[EndTime "14:17:57 PDT"]
[Termination "simaopdias won on time"]

1. e4 c5 2. Nf3 g6 3. c4 Bg7 4. d4 cxd4 5. Nxd4 Nc6 6. Be3 Nf6 7. Nc3 O-O 8. Nc2 d6 9. Be2 a5 10. O-O Be6 11. f3 Nd7 12. Qd2 Nce5 13. Nd5 Bxd5 14.
exd5 Rc8 15. b3 Nc5 16. Bd4 h5 17. f4 Ned7 18. Bxg7 Kxg7 19. Nd4 Nf6 20. Qe3 Ncd7 21. Bd3 Qb6 22. Rae1 Rce8 23. Kh1 Qc5 24. Rf3 Ng4 25. Qg1 Ndf6 26. h3 Nh6 27. Rg3 h4 28. Rxg6+ fxg6 29. Ne6+ Kf7 30. Nxc5 dxc5 31. Qxc5 Nh5 32. Qe3 Kg7 33.
f5 Nxf5 34. Qe5+ Kh6 35. Bxf5 Rxf5 36. Qe3+ Kh7 37. d6 e5 38. Qb6 Rf7 39. Qxa5 e4 40.
c5 e3 41. Qb5 Re5 42. Qd3 e2 43. g4 hxg3 44. Rxe2 Rf1+ 45. Kg2 Nf4+ 46. Kxg3 Nxd3 47. d7 Rd5 48. Re7+ Kh6 0-1